 Dungeon Crawl Stone Soup version 0.28.0 (webtiles) character file.

Game seed: 8746027973710259820

1 adizb the Bolt Thrower (level 1, -2/12 HPs)
             Began as a Tengu Hunter on Feb 7, 2022.
             Slain by a gnoll (4 damage)
             ... on level 1 of the Dungeon.
             The game lasted 00:02:05 (96 turns).

adizb the Bolt Thrower (Tengu Hunter)                 Turns: 96, Time: 00:02:06

Health: -2/12      AC:  3    Str: 12    XL:     1   Next: 20%
Magic:  2/2        EV: 12    Int: 11    God:
Gold:   0          SH:  0    Dex: 14    Spells: 0/0 levels left

rFire   . . .      SeeInvis .   a - +1 hand crossbow
rCold   . . .      Faith    .   (no shield)
rNeg    . . .      Spirit   .   c - +0 leather armour
rPois   .          Reflect  .   (helmet restricted)
rElec   .          Harm     .   (no cloak)
rCorr   .          Rampage  .   (no gloves)
Will    .....                   (boots unavailable)
Stlth   +.........              (no amulet)
HPRegen 0.04/turn               (no ring)
MPRegen 0.08/turn               (no ring)

@: no status effects
A: beak, talons 3
a: no special abilities


You were on level 1 of the Dungeon.
You visited 1 branch of the dungeon, and saw 1 of its levels.

Inventory:

Hand Weapons
 a - a +1 hand crossbow (weapon)
 b - a +0 short sword
Missiles
 d - 14 bolts (quivered ammo)
Armour
 c - a +0 leather armour (worn)


   Skills:
 + Level 2.0 Fighting
 * Level 4.4 Crossbows
 + Level 0.0 Armour
 * Level 2.2 Dodging
 + Level 1.0 Stealth


You couldn't memorise any spells.
You didn't know any spells.
Your spell library was empty.

Dungeon Overview and Level Annotations

Branches:
Dungeon (1/15)

Altars:


Innate Abilities, Weirdness & Mutations

You have a beak for a mouth.
You have claws for feet.


Message History

Press: ? - help, Q - select action Shift-Dir - straight line, f - gnoll
Aim: a gnoll, wielding a +0 spear (asleep, 98% to hit)
Your line of fire to the gnoll is blocked by a plant.
Continue anyway?
Okay, then.
An endoplasm comes into view.
The gnoll shouts!
Fire: 20 bolts
Press: ? - help, Q - select action Shift-Dir - straight line, f/p - gnoll
Aim: a gnoll, wielding a +0 spear (69% to hit)
You shoot a bolt. The bolt barely misses the gnoll.
Fire: 19 bolts
Press: ? - help, Q - select action Shift-Dir - straight line, f/p - gnoll
Aim: a gnoll, wielding a +0 spear (69% to hit)
You shoot a bolt. The bolt barely misses the gnoll.
Fire: 18 bolts
Press: ? - help, Q - select action Shift-Dir - straight line, f/p - gnoll
Aim: a gnoll, wielding a +0 spear (69% to hit)
You shoot a bolt. The bolt hits the gnoll!
The gnoll is heavily wounded.
Fire: 17 bolts
Press: ? - help, Q - select action Shift-Dir - straight line, f/p - gnoll
Aim: a gnoll, wielding a +0 spear (heavily wounded, 69% to hit)
You shoot a bolt. The bolt completely misses the gnoll.
The gnoll hits you from afar with a +0 spear.
Fire: 16 bolts
Press: ? - help, Q - select action Shift-Dir - straight line, f/p - gnoll
Aim: a gnoll, wielding a +0 spear (heavily wounded, 69% to hit)
You shoot a bolt. The bolt barely misses the gnoll.
The gnoll barely misses you.
The gnoll hits you from afar with a +0 spear!
Ouch! That really hurt!
* * * LOW HITPOINT WARNING * * *
You aren't carrying any potions.
You aren't carrying any scrolls.
Fire: 15 bolts
Press: ? - help, Q - select action Shift-Dir - straight line, f/p - gnoll
Aim: a gnoll, wielding a +0 spear (heavily wounded, 69% to hit)
You shoot a bolt. The bolt barely misses the gnoll.
The gnoll hits you from afar with a +0 spear.
You die... ....... #. ..........# P.PP.

#####.#########..##
..(. ...........####..#
.(#######...###.......#
#(........#...........#
#(# #...########### #.#
##.## #.########.#
#....g.@.>.#
############


You could see a gnoll.

Vanquished Creatures
  A goblin (D:1)
1 creature vanquished.

Vanquished Creatures (others)
  A plant (D:1)
1 creature vanquished.

Grand Total: 2 creatures vanquished

Notes
Turn   | Place    | Note
-------+----------+-------------------------------------------
     0 | D:1      | adizb the Tengu Hunter began the quest for the Orb.
     0 | D:1      | Reached XP level 1. HP: 12/12 MP: 2/2
     3 | D:1      | Noticed an electric eel
     4 | D:1      | Noticed an electric eel
    96 | D:1      | Slain by a gnoll

Illustrated notes

Levels and vault maps discovered:
D:1:      arrival_aquarium_b, layout_loops_ring,
          shapermc_ecumenical_altar_starsandcircs, minivault_5,
          nicolae_grassy_gnolls

Action                   || total
-------------------------++-------
 Fire: Hand crossbow     ||     9
Dodge: Dodged            ||     1
